 Dungeon Crawl Stone Soup version 0.25-a0-424-g80bd347ae0 (webtiles) character file.

Game seed: 10398081456149241256, levelgen mode: deterministic

217 Kohma the Chiller (level 5, -2/42 HPs)
             Began as a Naga Ice Elementalist on Jan 23, 2020.
             Slain by a phantom (8 damage)
             ... on level 3 of the Dungeon.
             The game lasted 00:10:52 (3057 turns).

Kohma the Chiller (Naga Ice Elementalist)           Turns: 3057, Time: 00:10:53

Health: -2/42      AC: 10    Str: 11    XL:     5   Next: 94%
Magic:  3/9        EV: 10    Int: 16    God:
Gold:   112        SH:  0    Dex: 11    Spells: 2/10 levels left

rFire    . . .     SeeInvis +   g - -2 hand axe (curse)
rCold    . . .     Gourm    .   (no shield)
rNeg     . . .     Faith    .   a - +1 robe
rPois    +         Spirit   .   (no helmet)
rElec    .         Reflect  .   q - +0 cloak
rCorr    .         Harm     .   (no gloves)
MR       .....                  (no barding)
Stlth    ++........             (no amulet)
HPRegen  0.14/turn              m - ring of wizardry
MPRegen  0.11/turn              (no ring)

@: icy armour, very slow
A: large, see invisible, deformed body, poison resistance, slowness 2, slow
metabolism 1, spit poison 1, AC +1
a: Spit Poison


You were on level 3 of the Dungeon.
You were not hungry.

You visited 1 branch of the dungeon, and saw 3 of its levels.

You collected 112 gold pieces.

Inventory:

Hand Weapons
 f - a +0 club
 g - a cursed -2 hand axe (weapon)
 k - a +0 halberd
 n - a +0 hunting sling
Missiles
 e - 66 stones
 i - 5 curare-tipped darts (quivered)
 j - 25 bolts
 o - 19 sling bullets
Armour
 a - a +1 robe (worn)
 q - a +0 cloak (worn)
Jewellery
 m - a ring of wizardry (left hand)
Scrolls
 p - a scroll of identify
Potions
 b - 2 potions of lignification
 d - 3 potions of resistance
 h - a potion of heal wounds
 r - 2 potions of curing
 s - 2 potions of magic {unknown}
Comestibles
 c - 2 rations


   Skills:
 + Level 2.6 Dodging
 - Level 3.0 Stealth
 + Level 3.0 Spellcasting
 + Level 1.8 Charms
 * Level 5.4 Ice Magic


You had 2 spell levels left.
You knew the following spells:

 Your Spells              Type           Power        Failure   Level  Hunger
a - Freeze                Ice            ###.         1%          1    #......
b - Ozocubu's Armour      Chrm/Ice       ##......     5%          3    ###....
c - Hailstorm             Conj/Ice       ##......     24%         4    #####..

Your spell library contained the following spells:

 Spells                   Type           Power        Failure   Level  Hunger
 Summon Ice Beast         Ice/Summ       ##......     24%         4    #####..


Dungeon Overview and Level Annotations

Branches:
Dungeon (3/15)

Altars:
Fedhas


Innate Abilities, Weirdness & Mutations

You cannot wear boots.
Your serpentine skin is tough. (AC +1)
You have supernaturally acute eyesight. (SInv)
Armour fits poorly on your strangely shaped body.
Your system is resistant to poisons. (rPois)
You cover ground very slowly.
You have a slow metabolism.
You can spit poison.


Message History

You barely miss the phantom.
The phantom is lightly damaged.
The phantom barely misses you.
You barely miss the phantom.
The phantom is lightly damaged.
The phantom hits you!
* * * LOW HITPOINT WARNING * * *
Casting: Hailstorm (slightly dangerous; 24% risk of failure)
Confirm with . or Enter, or press ? or * to list all spells.
A film of ice covers your body!
The phantom hits you but does no damage.
Casting: Ozocubu's Armour (safe; 5% risk of failure)
Confirm with . or Enter, or press ? or * to list all spells.
Aiming: Freeze (safe; 1% risk of failure)
Press: ? - help, Shift-Dir - straight line, f - phantom
Aim: a phantom (lightly damaged)
The phantom resists.
You freeze the phantom.
The phantom is lightly damaged.
The phantom hits you!
You die...

****.#*.#*###
*,,,,...#,..###
#.#*,#..#,....##
#.#*,#..#,.....#
#.##+#..#,.....#
#.#.....##.....# ***
#.#............# *<*
#.#......W####,* *,*
#######.#.......@..#,*
*,*
......÷...>......#.#,*
*,*
##.####.########.#,#,*
*,* #.# #.# #.#,*>*
*,* #.# #.# *#+#,*,*
*,* #.# #.# *,,,,,,*
*,* ##.# #.# *,,,,,,*
*,* .#.##
#.#******,,,,,,* *,*
†...# #..,,,,,,,,,,,,*
*,*


You could see a phantom.

Vanquished Creatures
  An orc wizard (D:2)
  7 gnolls (D:2)
  5 adders
  An ooze (D:1)
  A worm (D:2)
  2 dart slugs
  4 orcs
  4 bats
  3 giant cockroaches (D:2)
  7 goblins
  9 hobgoblins
  4 jackals (D:3)
  2 ball pythons
  3 frilled lizards
  6 kobolds
  6 rats
65 creatures vanquished.

Notes
Turn   | Place    | Note
-------+----------+-------------------------------------------
     0 | D:1      | Kohma the Naga Ice Elementalist began the quest for the
                  | Orb.
     0 | D:1      | Reached XP level 1. HP: 15/15 MP: 3/3
   133 | D:1      | Reached XP level 2. HP: 13/22 MP: 0/5
   804 | D:1      | Reached XP level 3. HP: 27/28 MP: 0/6
   860 | D:1      | Learned a level 3 spell: Ozocubu's Armour
  1039 | D:2      | Reached XP level 4. HP: 35/36 MP: 2/7
  1225 | D:2      | Reached skill level 1 in Charms
  1294 | D:2      | Reached skill level 5 in Ice Magic
  1320 | D:2      | Reached XP level 5. HP: 41/42 MP: 0/9
  2335 | D:3      | Found a blossoming altar of Fedhas.
  2747 | D:3      | Noticed a phantom
  2770 | D:3      | Learned a level 4 spell: Hailstorm
  3057 | D:3      | Slain by a phantom

Levels and vault maps discovered:
D:1:      psy_arrival_statuary, layout_rooms
D:2:      layout_loops_ring, first_ration
D:3:      layout_basic, old_standard_altar, chequers_ecumenical_altar_simple

Skill      XL: |  1  2  3  4  5 |
---------------+----------------+-----
Dodging        | 2 |  2.6
Charms         | 1 |  1.8
Ice Magic      | 5 |  5.4
Spellcasting   | 3 |  3.0
Stealth        | |  3.0

Action                   |  1- 3 |  4- 6 || total
-------------------------+-------+-------++-------
Melee: Club              |     2 |       ||     2
       Hand axe          |    13 |    55 ||    68
Throw: Stone             |    36 |     1 ||    37
       Throwing net      |     1 |     1 ||     2
 Cast: Freeze            |    33 |    84 ||   117
       Ozocubu's Armour  |       |     4 ||     4
       Hailstorm         |       |     1 ||     1
  Use: Scroll            |     3 |     4 ||     7
       Potion            |       |     1 ||     1
 Stab: Sleeping          |       |     1 ||     1
       Distracted        |       |     1 ||     1
  Eat: Chunk             |       |     6 ||     6
Armor: Robe              |     8 |    36 ||    44
Dodge: Dodged            |    21 |    64 ||    85

Table legend:
 A = Non-vault XP
 B = Vault XP
 C = Vault XP percentage of total XP
 D = Non-vault monster count
 E = Vault monster count
 F = Vault count percentage of total count
                 A         B        C        D         E       F
            +---------+---------+-------+---------+---------+-------
      Total |     310 |       0 |   0.0 |      65 |       0 |   0.0
            +---------+---------+-------+---------+---------+-------
        D:1 |      42 |       0 |   0.0 |      16 |       0 |   0.0
        D:2 |     236 |       0 |   0.0 |      34 |       0 |   0.0
        D:3 |      32 |       0 |   0.0 |      15 |       0 |   0.0
            +---------+---------+-------+---------+---------+-------
